Map: Automaton LE

Players

XHiu - Winner!

  • Race: Protoss Protoss
  • League: Gold
  • Spawn Location: 3:00

Madcoat

  • Race: Protoss Protoss
  • League: Gold
  • Spawn Location: 9:00

VOD

Have the link to the VOD?

Description

Time

  • Played on: Feb. 21, 2019, 8:33 p.m.
  • Length: 6:50
Show
View Real Time Build Order
Export as new Build Order

XHiu Protoss - Winner!

Build Orders:  

Get SALT Encoding   

  12  0:01  Probe  
  13  0:13  Probe  
  14  0:19  Pylon  
  14  0:25  Probe  
  15  0:33  Probe  
  16  0:43  Gateway  
  16  0:45  Probe  
  16  0:49  Assimilator  
  17  0:57  Probe  
  17  1:03  Assimilator  
  18  1:17  Gateway, Probe  
  19  1:29  Probe  
  20  1:38  Cybernetics Core  
  20  1:41  Pylon, Probe  
  21  1:53  Probe  
  22  1:54  Warp Gate  
  22  2:05  Probe  
  23  2:16  Stalker x2  
  27  2:31  Robotics Facility  
  27  2:39  Gateway  
  27  2:41  Pylon  
  27  2:44  Probe  
  28  3:05  Pylon  
  28  3:13  Immortal  
  32  3:34  Gateway  
  32  3:43  Pylon  
  32  3:52  Immortal  
  36  4:04  Stalker x2  
  40  4:21  Stalker  
  42  4:27  Stalker  
  42  4:28  Stalker  
  46  4:47  Stalker  
  46  4:48  Stalker  
  50  4:58  Zealot x2  
  52  5:36  Pylon  
  52  5:38  Pylon  
  48  5:47  Stalker x3  
  48  6:05  Stalker  
  48  6:19  Stalker  
  48  6:20  Stalker  
  48  6:21  Stalker  
Show
View Real Time Build Order
Export as new Build Order

Madcoat Protoss 

Build Orders: Phoenix Opening 

Get SALT Encoding   

  12  0:01  Probe  
  13  0:13  Probe  
  14  0:21  Pylon  
  14  0:25  Probe  
  15  0:35  Probe  
  15  0:42  Assimilator  
  16  0:43  Probe  
  16  0:48  Gateway  
  17  0:53  Probe, Assimilator  
  18  1:08  Probe  
  19  1:12  Gateway  
  19  1:16  Probe  
  19  1:24  Probe  
  20  1:28  Assimilator  
  21  1:35  Probe  
  21  1:38  Pylon  
  22  1:42  Cybernetics Core  
  22  1:48  Probe  
  23  2:00  Probe  
  24  2:12  Probe  
  25  2:23  Stargate  
  25  2:24  Probe  
  26  2:36  Probe, Nexus  
  27  2:48  Probe  
  27  2:50  Sentry  
  30  2:53  Assimilator  
  30  2:57  Assimilator  
  30  3:00  Probe  
  31  3:07  Pylon  
  31  3:20  Warp Gate  
  31  3:25  Phoenix  
  33  3:28  Pylon  
  33  3:39  Pylon  
  33  3:40  Probe  
  34  3:48  Probe  
  34  3:49  Probe  
  34  3:55  Phoenix  
  38  3:56  Probe  
  38  3:57  Probe  
  40  4:06  Probe x2  
  42  4:11  Pylon  
  42  4:16  Twilight Council  
  42  4:18  Probe x2  
  42  4:21  Phoenix  
  46  4:30  Probe  
  47  4:42  Phoenix  
  47  4:47  Shield Battery  
  47  4:49  Shield Battery  
  47  4:53  Stalker x2  
  49  5:35  Pylon  
  49  5:36  Pylon  
  45  5:47  Void Ray  
  45  5:52  Nexus  
Tags
 
League
GoldGold
Matchup
PvP
Replay Pack
20190221
Spawn Locations
Cross Positions
Add a new tag
Caveats
  • Supply blocks, unpowered buildings, or Contaminate may cause inaccurate times.
  • Supply counts are checked every 10 seconds.